[Event "Titled Tuesday Blitz May 30 Early 2023"]
[White "Andreev, Konstantin"]
[Black "Acikel, Mert"]
[WhiteFideId "24239305"]
[BlackFideId "12956465"]
[WhiteElo "2106"]
[BlackElo "2097"]
[Result "1-0"]
[Round "02"]
[TimeControl "180+2"]
[Date "2023.05.30"]
[WhiteClock "0:00:23"]
[BlackClock "0:00:00"]

1. e4 e5 2. Nf3 Nc6 3. Bc4 Bc5 4. c3 Nf6 5. d4 exd4 6. b4 Bb6 7. e5 d5 8. exf6 dxc4 9. Qe2+ Be6 10. b5 Na5 11. fxg7 Rg8 12. Nxd4 Rxg7 13. Nxe6 fxe6 14. Qh5+ Kf8 15. Bh6 Qf6 16. Qf3 Qxf3 17. gxf3 Kf7 18. Bxg7 Kxg7 19. Nd2 Rd8 20. Ne4 Rd3 21. Rd1 Rxf3 22. Rg1+ Kh6 23. Rg4 Rh3 24. Rd7 Rd3 25. Rxd3 cxd3 26. Kd2 Nc4+ 27. Kc1 Ne5 28. Rg3 c6 29. bxc6 bxc6 30. f4 Ng6 31. Rg4 Bc7 32. Nc5 Bxf4+ 33. Kd1 Bxh2 34. Nxd3 e5 35. Ra4 Bg1 36. Ra5 e4 37. Nc5 e3 38. Nd3 c5 39. Ke2 c4 40. Ne1 Bf2 41. Rf5 Kg7 42. Nc2 Ne7 43. Rf3 Nd5 44. Kf1 Nxc3 45. a3 Ne4 46. Ke2 h5 47. Nxe3 Bxe3 48. Kxe3 Ng5 49. Rg3 Kf6 50. Kf4 h4 51. Rxg5 1-0


[Site "https://www.chess.com"]

[Event "Titled Tuesday Blitz May 30 Early 2023"]
[White "salgadoLO"]
[Black "Filgueira, Hernan"]
[BlackFideId "101770"]
[WhiteElo "2190"]
[BlackElo "2363"]
[Result "0-1"]
[Round "02"]
[TimeControl "180+2"]
[Date "2023.05.30"]
[WhiteClock "0:00:00"]
[BlackClock "0:01:23"]

1. d4 g6 2. e4 Bg7 3. Nc3 d6 4. f4 c6 5. Nf3 d5 6. e5 Bg4 7. h3 Bxf3 8. Qxf3 f6 9. f5 fxe5 10. fxg6 hxg6 11. Qg3 Qd6 12. Ne2 exd4 13. Qxd6 exd6 14. Nf4 Be5 15. Nxg6 Rh7 16. Bd3 Bg3+ 17. Ke2 Rf7 18. Rf1 Rxf1 19. Kxf1 Nd7 20. Bf4 Bxf4 21. Nxf4 Ne5 22. Bf5 Nf6 23. Rd1 Kf7 24. Rxd4 c5 25. Rd1 d4 26. b3 Rh8 27. Kf2 b5 28. Re1 a5 29. Nd3 Nc6 30. Be4 Nxe4+ 31. Rxe4 Kf6 32. Rf4+ Ke6 33. h4 Ne5 34. Nxe5 dxe5 35. Rg4 Kf5 36. Rg5+ Kf4 37. g3+ Ke4 38. h5 c4 39. g4 a4 40. Rg6 axb3 41. axb3 d3 42. cxd3+ cxd3 43. h6 Kf4 44. g5 e4 45. Rg7 e3+ 46. Kg2 d2 47. Rd7 e2 0-1


[Site "https://www.chess.com"]

[Event "Titled Tuesday Blitz May 30 Early 2023"]
[White "Fernandez Garcia, Gumersindo"]
[Black "Dilmukhametov, Artur"]
[WhiteFideId "24516740"]
[BlackFideId "24179922"]
[WhiteElo "2093"]
[BlackElo "2242"]
[Result "1-0"]
[Round "02"]
[TimeControl "180+2"]
[Date "2023.05.30"]
[WhiteClock "0:00:16"]
[BlackClock "0:00:17"]

1. e4 e5 2. Nf3 Nf6 3. Nxe5 d5 4. Nf3 dxe4 5. Ng1 Nc6 6. Bb5 Bc5 7. Ne2 O-O 8. Bxc6 bxc6 9. Nbc3 Re8 10. h3 Ba6 11. O-O Qd7 12. Re1 Rad8 13. Ng3 e3 14. dxe3 Qxd1 15. Rxd1 Rxd1+ 16. Nxd1 Rd8 17. Nc3 Bb4 18. a3 Bxc3 19. bxc3 Rd1+ 20. Kh2 Nd5 21. Ne4 f5 22. Nc5 Bc4 23. Nb3 Nxc3 24. Bb2 Rxa1 25. Bxa1 Ne4 26. f3 Bxb3 27. cxb3 Nd2 28. b4 Nc4 29. Bd4 Nxa3 30. Bxa7 Kf7 31. Kg3 Ke6 32. Bc5 g5 33. h4 h6 34. h5 Nc4 35. Kf2 Kf7 36. Ke2 Nd6 37. Kd3 Ne8 38. Bd4 Nf6 39. Bxf6 Kxf6 40. Kd4 g4 41. f4 Ke6 42. g3 Kd6 43. e4 fxe4 44. Kxe4 c5 45. b5 Ke6 46. Ke3 Kd5 47. Kd3 c4+ 48. Kc3 Kc5 49. f5 Kd5 50. f6 Ke6 51. Kxc4 Kxf6 52. Kc5 Ke5 53. Kc6 Ke4 54. Kxc7 Kf3 55. b6 Kxg3 56. b7 Kh2 57. b8=Q g3 58. Kc6 Kh3 59. Qc8+ Kh2 60. Qb8 Kh3 61. Qb3 Kh2 62. Qe3 g2 63. Qf4+ Kh1 64. Qh4+ Kg1 65. Kd5 Kf1 66. Qf4+ Ke2 67. Qg3 Kf1 68. Qf3+ Ke1 69. Qxg2 1-0


[Site "https://www.chess.com"]

[Event "Titled Tuesday Blitz May 30 Early 2023"]
[White "Ciuffoletti, Paolo"]
[Black "Gurevich, Dmitry"]
[WhiteFideId "807630"]
[BlackFideId "2000407"]
[WhiteElo "2143"]
[BlackElo "2506"]
[Result "0-1"]
[Round "02"]
[TimeControl "180+2"]
[Date "2023.05.30"]
[WhiteClock "0:00:00"]
[BlackClock "0:01:00"]

1. e4 c5 2. d4 cxd4 3. c3 dxc3 4. Nxc3 d6 5. Nf3 e6 6. Bc4 a6 7. O-O Be7 8. Qe2 b5 9. Bb3 Nf6 10. Rd1 Nbd7 11. Bf4 Qb6 12. Rd2 b4 13. Na4 Qb5 14. Qe3 e5 15. Bg5 O-O 16. h3 Bb7 17. Nh4 Bxe4 18. Rad1 Rac8 19. Rxd6 Bxd6 20. Rxd6 Bg6 21. Nxg6 hxg6 22. Qd2 Nc5 23. Nxc5 Qxc5 24. Bxf6 Qc1+ 25. Qxc1 Rxc1+ 26. Kh2 gxf6 27. Rxf6 Kg7 28. Rxa6 Re1 29. Ra7 Re2 30. Kg3 Rxb2 31. Rb7 Rd2 32. Rxb4 f5 33. Rb7+ Kh6 34. f3 f4+ 35. Kh2 e4 0-1


[Site "https://www.chess.com"]

[Event "Titled Tuesday Blitz May 30 Early 2023"]
[White "Kiseljova, Marya"]
[Black "Novikov, Evgenij"]
[WhiteFideId "4155009"]
[BlackFideId "4125380"]
[WhiteElo "1831"]
[BlackElo "2242"]
[Result "0-1"]
[Round "02"]
[TimeControl "180+2"]
[Date "2023.05.30"]
[WhiteClock "0:00:16"]
[BlackClock "0:00:53"]

1. d4 d5 2. c4 e5 3. dxe5 d4 4. Nf3 Nc6 5. Nbd2 Nge7 6. g3 Ng6 7. Bg2 Ngxe5 8. Nxe5 Nxe5 9. O-O Be7 10. Nf3 Nxf3+ 11. Bxf3 O-O 12. b3 Bf6 13. Bb2 c6 14. Qd3 Qb6 15. Rfd1 Rd8 16. Qe4 Be6 17. Rac1 Qc5 18. a3 a5 19. h4 Rd7 20. Rd2 Rad8 21. Rcd1 Qb6 22. Qc2 c5 23. Be4 g6 24. Qd3 Bg4 25. Bg2 Re8 26. Bf3 Bf5 27. e4 dxe3 28. Qxd7 Bxd7 29. Rxd7 exf2+ 30. Kxf2 Bxb2 31. Rxb7 Qf6 32. Rdd7 Bd4+ 33. Kg2 Re2+ 34. Bxe2 Qf2+ 35. Kh3 Qxe2 36. Rxf7 Qe6+ 37. Kg2 Qxf7 38. Rxf7 Kxf7 39. Kf3 Bb2 40. a4 Bc3 41. g4 Ke6 42. Ke4 Bb4 43. h5 g5 44. Kd3 Ke5 45. Ke3 h6 0-1


[Site "https://www.chess.com"]

[Event "Titled Tuesday Blitz May 30 Early 2023"]
[White "Barbot, Pierre"]
[Black "KSho99"]
[WhiteFideId "663727"]
[WhiteElo "2431"]
[BlackElo "2176"]
[Result "1-0"]
[Round "02"]
[TimeControl "180+2"]
[Date "2023.05.30"]
[WhiteClock "0:00:31"]
[BlackClock "0:01:27"]

1. d4 e6 2. Nf3 f5 3. Bf4 Nf6 4. e3 d6 5. c4 Nc6 6. Nc3 g6 7. d5 exd5 8. cxd5 Ne7 9. Bb5+ Bd7 10. Bxd7+ Qxd7 11. O-O h6 12. Qb3 O-O-O 13. Nd4 g5 14. Bg3 Kb8 15. Rac1 Ne4 16. Ncb5 Nc5 17. Qa3 a6 18. Nxc7 f4 19. exf4 Qxc7 20. fxg5 1-0


[Site "https://www.chess.com"]

[Event "Titled Tuesday Blitz May 30 Early 2023"]
[White "Brown, Raehanna"]
[Black "Fishchuk, Vladyslav"]
[WhiteFideId "7402740"]
[BlackFideId "34122117"]
[WhiteElo "1655"]
[BlackElo "2082"]
[Result "0-1"]
[Round "02"]
[TimeControl "180+2"]
[Date "2023.05.30"]
[WhiteClock "0:00:01"]
[BlackClock "0:00:18"]

1. c4 e5 2. Nc3 Bb4 3. Nf3 d6 4. g3 Bxc3 5. bxc3 f5 6. d3 Nf6 7. Bg2 O-O 8. O-O Nbd7 9. Rb1 Rb8 10. Qa4 a6 11. Ba3 b6 12. d4 Re8 13. c5 dxc5 14. dxc5 b5 15. Qb3+ Kh8 16. Ng5 Rf8 17. Ne6 Qe8 18. Nxf8 Nxf8 19. c4 Be6 20. Bd5 c6 21. Bxe6 Nxe6 22. e3 Qh5 23. cxb5 axb5 24. Qxe6 Ng4 25. h4 f4 26. Rfd1 Re8 27. Qd6 fxe3 28. fxe3 Nxe3 29. Re1 Ng4 30. Rbd1 h6 31. Qxc6 Qf7 32. Rd7 Qf2+ 33. Kh1 Qh2# 0-1


[Site "https://www.chess.com"]

[Event "Titled Tuesday Blitz May 30 Early 2023"]
[White "Marn, Jan"]
[Black "Zainullina, Nataliya"]
[WhiteFideId "14619245"]
[BlackFideId "4145488"]
[WhiteElo "2242"]
[BlackElo "2174"]
[Result "1/2-1/2"]
[Round "02"]
[TimeControl "180+2"]
[Date "2023.05.30"]
[WhiteClock "0:00:05"]
[BlackClock "0:01:02"]

1. d4 Nf6 2. Nf3 e6 3. e3 a6 4. Bd3 b5 5. a4 b4 6. O-O Bb7 7. Re1 Be7 8. e4 O-O 9. e5 Nd5 10. Nbd2 c5 11. Ne4 cxd4 12. Neg5 h6 13. Nh3 Nc6 14. Qe2 f5 15. exf6 Nxf6 16. Nh4 e5 17. Nf5 d5 18. Bxh6 gxh6 19. Nxh6+ Kh8 20. Ng5 Qe8 21. Ne6 e4 22. Nxf8 Qxf8 23. Nf5 exd3 24. Qxd3 Bd6 25. Re6 Rd8 26. Rae1 Bc8 27. Qh3+ Kg8 28. Nh6+ Kg7 29. Nf5+ Kg8 30. Nh6+ Kg7 31. Nf5+ Kg8 1/2-1/2


[Site "https://www.chess.com"]

[Event "Titled Tuesday Blitz May 30 Early 2023"]
[White "Trifan, Andrei Ioan"]
[Black "Tarnowska, Aleksandra"]
[WhiteFideId "12967068"]
[BlackFideId "1180967"]
[WhiteElo "2208"]
[BlackElo "1776"]
[Result "0-1"]
[Round "02"]
[TimeControl "180+2"]
[Date "2023.05.30"]
[WhiteClock "0:00:08"]
[BlackClock "0:00:23"]

1. e4 c5 2. Nf3 e6 3. c4 Qc7 4. Nc3 Nc6 5. Be2 Nf6 6. O-O a6 7. d4 cxd4 8. Nxd4 Ne5 9. Bf4 d6 10. Rc1 Be7 11. b3 O-O 12. Qd2 b6 13. Rfd1 Bb7 14. f3 Rfd8 15. Be3 Rac8 16. Bf1 Ng6 17. Qf2 Rb8 18. Kh1 Ba8 19. Qg1 Qb7 20. Nc2 d5 21. cxd5 exd5 22. exd5 Nxd5 23. Nxd5 Rxd5 24. Bc4 Rh5 25. Qf2 Bh4 26. Qd2 Bg3 27. Bg1 Bf4 28. Qd8+ Rxd8 29. Rxd8+ Nf8 30. Re1 Bxh2 31. Bxh2 Qc7 32. g3 Qxd8 33. Ne3 Bxf3+ 34. Kg1 Qd2 35. Nf1 Qg2# 0-1


[Site "https://www.chess.com"]

[Event "Titled Tuesday Blitz May 30 Early 2023"]
[White "Hirneise, Jens"]
[Black "Guevara Sanchez, Erick Marvin"]
[WhiteFideId "24614734"]
[BlackFideId "6700136"]
[WhiteElo "2345"]
[BlackElo "2040"]
[Result "1-0"]
[Round "02"]
[TimeControl "180+2"]
[Date "2023.05.30"]
[WhiteClock "0:02:33"]
[BlackClock "0:02:21"]

1. d4 d5 2. Nc3 Nf6 3. Bf4 Nc6 4. Nb5 e5 5. Bxe5 Nxe5 6. dxe5 Ng4 7. Qxd5 c6 8. Qxd8+ Kxd8 9. Nd6 Bd7 10. Nxf7+ Kc7 11. Nxh8 1-0


[Site "https://www.chess.com"]

[Event "Titled Tuesday Blitz May 30 Early 2023"]
[White "Antonova, Nadezhda"]
[Black "Pandey Srishti"]
[WhiteFideId "14700182"]
[BlackFideId "35093290"]
[WhiteElo "1799"]
[BlackElo "2123"]
[Result "1-0"]
[Round "02"]
[TimeControl "180+2"]
[Date "2023.05.30"]
[WhiteClock "0:00:07"]
[BlackClock "0:00:39"]

1. Nf3 Nf6 2. b3 g6 3. Bb2 Bg7 4. g3 O-O 5. Bg2 d6 6. d4 Nbd7 7. O-O e5 8. dxe5 Ng4 9. c4 Ngxe5 10. Qd2 a5 11. Nxe5 Nxe5 12. f4 Ng4 13. Bxg7 Kxg7 14. Nc3 f5 15. e4 Nf6 16. Rfe1 fxe4 17. Nxe4 Bf5 18. Nxf6 Qxf6 19. Bxb7 Rae8 20. Bc6 Rxe1+ 21. Rxe1 Rf7 22. Qxa5 Qd4+ 23. Kg2 Qb2+ 24. Kg1 h5 25. Bd5 Rf8 26. Qxc7+ Kh6 27. Qe7 Rf6 28. Qe2 Qd4+ 29. Qe3 Qb2 30. Qf2 Qc3 31. Qe3 Qb2 32. Qf2 Qc3 33. Rd1 Rf8 34. Qd2 Qf6 35. b4 Rb8 36. b5 h4 37. a4 h3 38. a5 Qe7 39. a6 Qa7+ 40. Qf2 Qc7 41. a7 Rd8 42. a8=Q Rxa8 43. Bxa8 Qb8 44. Bd5 1-0


[Site "https://www.chess.com"]

[Event "Titled Tuesday Blitz May 30 Early 2023"]
[White "zano2023"]
[Black "Ryan, Joseph"]
[BlackFideId "2500426"]
[WhiteElo "2155"]
[BlackElo "2446"]
[Result "0-1"]
[Round "02"]
[TimeControl "180+2"]
[Date "2023.05.30"]
[WhiteClock "0:00:00"]
[BlackClock "0:00:18"]

1. c4 e6 2. Nc3 b6 3. Nf3 Bb7 4. g3 Bxf3 5. exf3 c5 6. Bg2 Nc6 7. O-O g6 8. a3 Bg7 9. Rb1 Nge7 10. b4 O-O 11. bxc5 bxc5 12. Ne4 d6 13. Qa4 Rb8 14. Rb5 Nd4 15. Ra5 Nec6 16. Ra6 Qc7 17. f4 Rb1 18. Nc3 Rb6 19. Nb5 Nxb5 20. cxb5 Nd4 21. Rxa7 Qb8 22. Re1 Rxb5 23. d3 Rb1 24. Bd2 Rxe1+ 25. Bxe1 Qb1 26. Qa5 Nb3 27. Rb7 Qd1 28. Rxb3 Qxb3 29. Bc6 h5 30. a4 Qxd3 31. Qc7 Bd4 32. a5 Qe2 33. Qxd6 Qxe1+ 34. Kg2 Qxf2+ 35. Kh3 Qa2 36. Bb5 Bg1 0-1


[Site "https://www.chess.com"]

[Event "Titled Tuesday Blitz May 30 Early 2023"]
[White "Lakshmi C"]
[Black "Koutlas, Nikolaos"]
[WhiteFideId "25035347"]
[BlackFideId "25827138"]
[WhiteElo "1942"]
[BlackElo "2215"]
[Result "0-1"]
[Round "02"]
[TimeControl "180+2"]
[Date "2023.05.30"]
[WhiteClock "0:00:00"]
[BlackClock "0:00:55"]

1. e4 e6 2. d4 d5 3. Nc3 h6 4. a3 Nf6 5. e5 Nfd7 6. f4 c5 7. Be3 Nc6 8. Nf3 a6 9. Qd2 Be7 10. dxc5 Nxc5 11. O-O-O b5 12. Qf2 Na4 13. Nxa4 bxa4 14. Bb6 Qd7 15. c4 Rb8 16. c5 Bd8 17. Bxd8 Qxd8 18. Nd4 Na5 19. Qc2 Nb3+ 20. Nxb3 axb3 21. Qc3 O-O 22. Bd3 a5 23. Qd4 Bd7 0-1


[Site "https://www.chess.com"]

[Event "Titled Tuesday Blitz May 30 Early 2023"]
[White "Zaitsev, Alexander"]
[Black "Kriti Mayur Patel"]
[WhiteFideId "4164490"]
[BlackFideId "35061780"]
[WhiteElo "2373"]
[BlackElo "1306"]
[Result "1-0"]
[Round "02"]
[TimeControl "180+2"]
[Date "2023.05.30"]
[WhiteClock "0:00:14"]
[BlackClock "0:00:44"]

1. e4 e5 2. Nc3 Nf6 3. Bc4 Nxe4 4. Qh5 Nd6 5. Qxe5+ Qe7 6. Qxe7+ Bxe7 7. Bb3 O-O 8. Nf3 Nc6 9. d4 Nf5 10. d5 Ncd4 11. Nxd4 Nxd4 12. O-O d6 13. Re1 Bf6 14. Ne4 Bf5 15. Nxf6+ gxf6 16. c3 Nxb3 17. axb3 Bc2 18. b4 Bb3 19. Re7 Rfe8 20. Rxa7 Kg7 21. Rxa8 Rxe7 22. Be3 Bxd5 23. h3 b6 24. Ra7 Kf8 25. Kh2 Ke8 26. Kg3 Kd7 27. Bxb6 Kc6 28. Bd4 f5 29. Ra8 Re6 30. f3 Rg6+ 31. Kf2 Kb5 32. Rh8 h6 33. Rh7 Kc4 34. h4 Kb3 35. h5 Re6 36. Bg7 Kxb2 37. c4+ Kb3 38. cxd5 Re8 39. Rxh6 Kxb4 40. Rh8 Re7 41. Bf6 Rd7 42. h6 Kc5 43. Rd8 Rxd8 44. Bxd8 Kxd5 45. h7 c5 46. h8=Q c4 47. Bc7 Kc5 48. Qf8 f4 49. Qxd6+ Kb5 50. Qd4 f5 51. Bd6 Ka4 52. Qxc4+ Ka5 53. Qb3 Ka6 54. Bc5 Ka5 55. Qb4+ Ka6 56. Qb6# 1-0


[Site "https://www.chess.com"]

[Event "Titled Tuesday Blitz May 30 Early 2023"]
[White "Fan_Of_Chucky"]
[Black "dDobravcan"]
[WhiteElo "2441"]
[BlackElo "2116"]
[Result "1-0"]
[Round "02"]
[TimeControl "180+2"]
[Date "2023.05.30"]
[WhiteClock "0:00:16"]
[BlackClock "0:00:00"]

1. d4 d6 2. c4 e5 3. dxe5 dxe5 4. Qxd8+ Kxd8 5. Nc3 Be6 6. b3 c6 7. Bb2 Kc7 8. g3 Nd7 9. O-O-O f6 10. Bg2 Nh6 11. h3 Nf7 12. f4 exf4 13. gxf4 Bd6 14. e3 Rhe8 15. Nf3 Bc5 16. Nd4 Nd6 17. Na4 Rad8 18. e4 Bg8 19. Rhe1 a6 20. e5 fxe5 21. fxe5 Nc8 22. Nxc6 bxc6 23. Rxd7+ 1-0


[Site "https://www.chess.com"]

[Event "Titled Tuesday Blitz May 30 Early 2023"]
[White "Horokoskii"]
[Black "Sai Han Thiha"]
[BlackFideId "13012290"]
[WhiteElo "2113"]
[BlackElo "1954"]
[Result "0-1"]
[Round "02"]
[TimeControl "180+2"]
[Date "2023.05.30"]
[WhiteClock "0:00:00"]
[BlackClock "0:00:07"]

1. d4 Nf6 2. c4 e6 3. Nf3 Bb4+ 4. Bd2 Qe7 5. a3 Bxd2+ 6. Nbxd2 d6 7. g3 O-O 8. Bg2 e5 9. O-O e4 10. Ne1 e3 11. Ndf3 exf2+ 12. Rxf2 Ng4 13. Qd3 Nxf2 14. Kxf2 Nc6 15. Kg1 Bg4 16. Rd1 Rae8 17. Rd2 Qe3+ 18. Qxe3 Rxe3 19. h3 Bd7 20. Nc2 Re7 21. Kf2 Rfe8 22. e3 Bf5 23. Nfe1 Be4 24. Bxe4 Rxe4 25. b4 Ne7 26. Nf3 Nf5 27. Re2 h6 28. g4 Ne7 29. Nd2 Re6 30. d5 Rf6+ 31. Kg3 Ng6 32. Nd4 Ne5 33. Nf5 Kh7 34. Ne4 Rg6 35. Nh4 Nxc4 36. Nxg6 Rxe4 37. Kf3 Re8 38. Nf4 Nxa3 39. Ra2 Nb5 40. Ra5 a6 41. Ra1 Re5 42. Rc1 g5 43. Ne2 Rxd5 44. e4 Rd3+ 45. Kg2 Rb3 46. Rc4 Rb2 47. Kf3 Rb3+ 48. Kg2 Kg6 49. Ng3 Rb2+ 50. Kf3 Rh2 51. Nh5 Rxh3+ 52. Kg2 Rb3 53. Ng3 Rb2+ 54. Kg1 c6 55. Nf5 Rb3 56. Ne7+ Kf6 57. Nf5 Rf3 58. Kg2 Rf4 59. Ne3 Ke5 60. Nf5 Rxg4+ 61. Kf3 Rf4+ 62. Kg3 Rxe4 63. Rxe4+ Kxe4 64. Nxh6 f5 65. Nf7 Ke3 66. Nxg5 f4+ 67. Kg2 Nd4 68. Nh3 f3+ 0-1


[Site "https://www.chess.com"]

[Event "Titled Tuesday Blitz May 30 Early 2023"]
[White "Lonoff, Marc"]
[Black "Fiedorek, Michal"]
[WhiteFideId "2001349"]
[BlackFideId "1199528"]
[WhiteElo "2113"]
[BlackElo "2135"]
[Result "1-0"]
[Round "02"]
[TimeControl "180+2"]
[Date "2023.05.30"]
[WhiteClock "0:00:51"]
[BlackClock "0:00:00"]

1. c4 e5 2. Nc3 Nf6 3. g3 d5 4. cxd5 Nxd5 5. Bg2 Nb6 6. e3 Be7 7. Nge2 h5 8. f4 Nc6 9. fxe5 Nxe5 10. d4 Ng6 11. Nf4 Nxf4 12. gxf4 Bh4+ 13. Kf1 Bg4 14. Qd3 Qd7 15. Bxb7 Bh3+ 16. Ke2 Rb8 17. Qe4+ Kf8 18. Bc6 Qg4+ 19. Qf3 Qe6 20. Rg1 Bg4 21. Rxg4 hxg4 22. Qg2 Qc4+ 23. Kd2 Bf6 24. b3 Qb4 25. a4 Kg8 26. Ba3 Qa5 27. b4 Qh5 28. Rh1 Nc4+ 29. Kd3 Nxa3 30. b5 Qh3 31. Qxh3 Rh4 32. Qg3 Rh7 33. Qxg4 1-0


[Site "https://www.chess.com"]

[Event "Titled Tuesday Blitz May 30 Early 2023"]
[White "Abdilkhair, Abilmansur"]
[Black "Steenbekkers, Franck"]
[WhiteFideId "13716417"]
[BlackFideId "1004220"]
[WhiteElo "2215"]
[BlackElo "2111"]
[Result "1-0"]
[Round "02"]
[TimeControl "180+2"]
[Date "2023.05.30"]
[WhiteClock "0:00:04"]
[BlackClock "0:00:00"]

1. d4 Nf6 2. Nc3 d5 3. Bf4 a6 4. f3 e6 5. e4 c5 6. Nge2 cxd4 7. Qxd4 Nc6 8. Qd2 Bb4 9. a3 Ba5 10. b4 Bb6 11. exd5 exd5 12. Na4 Ba7 13. Nc5 O-O 14. Nd4 Re8+ 15. Be2 Qe7 16. Nxc6 bxc6 17. O-O Bxc5+ 18. bxc5 Qxe2 19. Qc3 Bf5 20. Bg5 Nd7 21. Rf2 Qc4 22. Qa5 Qxc5 23. Qc7 h6 24. Bh4 Re2 25. Qf4 Rae8 26. g4 Bxc2 27. Kg2 Qc4 28. Qd6 Ne5 29. Rf1 Nd3 30. Rxe2 Rxe2+ 31. Kh3 Qf4 32. Qd8+ Kh7 33. Bg3 Qf6 34. Qb8 d4 35. f4 c5 36. f5 c4 37. Qc7 h5 38. Qxc4 hxg4+ 39. Kxg4 Ne5+ 40. Kh3 Qg5 41. Qxe2 d3 42. Qf2 d2 43. Qf4 Qh5+ 44. Kg2 d1=Q 45. Rxd1 Bxd1 46. Qxe5 Qe2+ 47. Qxe2 Bxe2 48. Bf2 Kh6 49. Kg3 Kg5 50. Bd4 f6 51. Bc5 Kxf5 52. Bf8 g5 53. Kf2 Bb5 54. Ke3 Ke5 55. Bg7 1-0


[Site "https://www.chess.com"]

[Event "Titled Tuesday Blitz May 30 Early 2023"]
[White "Jimenez Jimenez, Leandro"]
[Black "Flis, Pawel"]
[WhiteFideId "6415253"]
[BlackFideId "1112864"]
[WhiteElo "2296"]
[BlackElo "1822"]
[Result "0-1"]
[Round "02"]
[TimeControl "180+2"]
[Date "2023.05.30"]
[WhiteClock "0:00:00"]
[BlackClock "0:00:54"]

1. d4 c5 2. dxc5 e6 3. c4 Bxc5 4. Nc3 Nf6 5. Nf3 O-O 6. e3 d5 7. cxd5 exd5 8. Be2 Nc6 9. O-O Bf5 10. b3 d4 11. Na4 Be7 12. Nxd4 Nxd4 13. exd4 Nd5 14. Bf3 Rc8 15. Bd2 Bf6 16. Be3 b5 17. Bxd5 Qxd5 18. Nc5 Rfd8 19. Qh5 g6 20. Qh6 Bxd4 21. Bxd4 Qxd4 22. b4 Qxb4 23. Nb3 a5 24. Qe3 a4 25. Nd2 Qxd2 0-1


[Site "https://www.chess.com"]

[Event "Titled Tuesday Blitz May 30 Early 2023"]
[White "Winkels, Marcel"]
[Black "Sanhueza, Cristian"]
[WhiteFideId "1003887"]
[BlackFideId "116815"]
[WhiteElo "1900"]
[BlackElo "2174"]
[Result "0-1"]
[Round "02"]
[TimeControl "180+2"]
[Date "2023.05.30"]
[WhiteClock "0:00:19"]
[BlackClock "0:01:15"]

1. d4 Nf6 2. Nc3 g6 3. Bf4 Bg7 4. Qd2 c5 5. d5 O-O 6. Bh6 d6 7. Bxg7 Kxg7 8. e4 a6 9. Nf3 b5 10. Qf4 Bg4 11. Be2 b4 12. Nd1 Nbd7 13. h3 Bxf3 14. Bxf3 Ne5 15. O-O e6 16. Re1 exd5 17. exd5 Re8 18. Ne3 Nxf3+ 19. Qxf3 Qe7 20. Nf5+ gxf5 21. Rxe7 Rxe7 22. c4 Re5 23. b3 Rae8 24. a3 Re1+ 25. Rxe1 Rxe1+ 26. Kh2 bxa3 27. Qc3 Rd1 28. Qc2 Rf1 29. Qe2 Ra1 30. g4 fxg4 31. hxg4 a2 32. Qb2 Rf1 33. Qxa2 Rxf2+ 34. Kg3 Rxa2 0-1


[Site "https://www.chess.com"]

[Event "Titled Tuesday Blitz May 30 Early 2023"]
[White "Grave, Jacob Templen"]
[Black "Blackwhite017"]
[WhiteFideId "1542656"]
[WhiteElo "2189"]
[BlackElo "2096"]
[Result "1-0"]
[Round "02"]
[TimeControl "180+2"]
[Date "2023.05.30"]
[WhiteClock "0:00:01"]
[BlackClock "0:00:00"]

1. e4 c5 2. c3 d5 3. exd5 Qxd5 4. d4 Nf6 5. Nf3 Bg4 6. Be2 Nc6 7. Be3 cxd4 8. cxd4 e6 9. Nc3 Bb4 10. O-O Bxc3 11. bxc3 O-O 12. h3 Bh5 13. Rb1 b6 14. Qd2 Ne4 15. Qc2 Bg6 16. Bd3 Nd6 17. Bxg6 hxg6 18. Qb3 Na5 19. Qxd5 exd5 20. Bf4 Ne4 21. Rfc1 Rac8 22. Bd2 Nc4 23. Be1 f6 24. Rb5 Rfd8 25. Kf1 Kf7 26. Ke2 Ke6 27. Kd3 Ncd6 28. Rb3 Rc7 29. Nd2 Rdc8 30. f3 Nxd2 31. Bxd2 Rc4 32. Re1+ Kf7 33. Bf4 Nb7 34. Bd2 Re8 35. Rxe8 Kxe8 36. Rb5 Ra4 37. Rb2 Na5 38. Be1 Nc4 39. Re2+ Kf7 40. g4 Ra3 41. Bg3 b5 42. Be1 b4 43. Rc2 b3 44. axb3 Rxb3 45. Ra2 Nb2+ 46. Kc2 1-0


[Site "https://www.chess.com"]

[Event "Titled Tuesday Blitz May 30 Early 2023"]
[White "Andrew_Ledger"]
[Black "Jovic, Stanoje"]
[BlackFideId "905020"]
[WhiteElo "2068"]
[BlackElo "2236"]
[Result "1-0"]
[Round "02"]
[TimeControl "180+2"]
[Date "2023.05.30"]
[WhiteClock "0:00:19"]
[BlackClock "0:00:07"]

1. c4 e5 2. g3 c6 3. d4 exd4 4. Qxd4 d5 5. Nf3 Nf6 6. cxd5 cxd5 7. Bg2 Nc6 8. Qa4 Bb4+ 9. Bd2 Qa5 10. Qxa5 Bxa5 11. O-O O-O 12. Bxa5 Nxa5 13. Nbd2 Re8 14. e3 Be6 15. Rfc1 Rac8 16. Kf1 Kf8 17. Nd4 Ke7 18. Ke1 a6 19. b4 Nc6 20. Nxc6+ Rxc6 21. Rxc6 bxc6 22. Nb3 Nd7 23. Rc1 Kd6 24. Na5 Rc8 25. Bf1 Nb8 26. Bd3 Kc7 27. Bxa6 Nxa6 28. Rxc6+ Kd7 29. Rxa6 Rc1+ 30. Kd2 Rf1 31. Ke2 Rb1 32. Nb3 Bg4+ 33. Kd3 Rb2 34. Ra7+ Ke8 35. f4 Rxh2 36. Nd4 Rg2 37. b5 Rb2 38. Kc3 Rb1 39. a4 Bd7 40. Nb3 Re1 41. Kd2 Rb1 42. Nc5 Bf5 43. Rb7 Rb2+ 44. Kc3 Rc2+ 45. Kd4 Rd2+ 46. Ke5 Bd7 47. Kd6 Bg4 48. Rb8+ 1-0


[Site "https://www.chess.com"]

[Event "Titled Tuesday Blitz May 30 Early 2023"]
[White "Kovalevsky, Stanislav"]
[Black "Brod, Manfred"]
[WhiteFideId "13508598"]
[BlackFideId "1602110"]
[WhiteElo "2174"]
[BlackElo "2152"]
[Result "1-0"]
[Round "02"]
[TimeControl "180+2"]
[Date "2023.05.30"]
[WhiteClock "0:00:39"]
[BlackClock "0:00:00"]

1. c4 f5 2. Nc3 Nf6 3. g3 e5 4. Bg2 c6 5. d4 e4 6. f3 d5 7. fxe4 fxe4 8. Bg5 Be6 9. cxd5 cxd5 10. Qb3 Qb6 11. Qxb6 axb6 12. Nh3 Nbd7 13. O-O Bd6 14. Nb5 Ke7 15. Nf4 h6 16. Ng6+ Kf7 17. Nxh8+ Rxh8 18. Nxd6+ Ke7 19. Bxf6+ gxf6 20. Nf5+ Kf7 21. Rac1 Kg6 22. Bh3 h5 23. Rc7 h4 24. Nxh4+ Rxh4 25. Bxe6 Rh8 26. Rxd7 1-0


[Site "https://www.chess.com"]

[Event "Titled Tuesday Blitz May 30 Early 2023"]
[White "Joubert, Dantelle"]
[Black "Gatterer, Florian"]
[WhiteFideId "14310813"]
[BlackFideId "811688"]
[WhiteElo "1507"]
[BlackElo "2221"]
[Result "1-0"]
[Round "02"]
[TimeControl "180+2"]
[Date "2023.05.30"]
[WhiteClock "0:01:42"]
[BlackClock "0:01:20"]

1. e4 d6 2. d4 Nf6 3. Nc3 g6 4. f3 a6 5. Be3 b5 6. Qd2 Nbd7 7. O-O-O c6 8. Kb1 Bb7 9. Bd3 Qc7 10. Nh3 e5 11. f4 exd4 12. Bxd4 c5 13. Bxf6 Nxf6 14. e5 dxe5 15. fxe5 Nd7 16. e6 fxe6 17. Ng5 Qb6 18. Rhe1 e5 19. Be4 Bh6 20. Qxd7+ Kf8 21. Qf7# 1-0


[Site "https://www.chess.com"]

[Event "Titled Tuesday Blitz May 30 Early 2023"]
[White "Vivas Zamora, Fabian Ernesto"]
[Black "Maluco_do_Natal_00"]
[WhiteFideId "3902480"]
[WhiteElo "2244"]
[BlackElo "2028"]
[Result "1-0"]
[Round "02"]
[TimeControl "180+2"]
[Date "2023.05.30"]
[WhiteClock "0:00:06"]
[BlackClock "0:00:01"]

1. e4 c5 2. Nf3 Nc6 3. d4 cxd4 4. Nxd4 Nf6 5. Nc3 e5 6. Ndb5 d6 7. Bg5 a6 8. Na3 b5 9. Bxf6 gxf6 10. Nd5 Bg7 11. g3 Be6 12. Bg2 Ne7 13. Nxe7 Qxe7 14. c3 Rd8 15. Nc2 f5 16. Nb4 Qb7 17. Qd3 a5 18. Nd5 Bxd5 19. Qxd5 Qxd5 20. exd5 Rc8 21. Bh3 Rc5 22. Rd1 f4 23. gxf4 exf4 24. Rg1 Be5 25. Rd3 Ke7 26. Kd2 Rb8 27. Bf5 h6 28. b3 a4 29. Rb1 axb3 30. axb3 b4 31. c4 Ra5 32. Ke2 Bc3 33. Kf3 Be5 34. Rd2 Kf6 35. Bd7 Ra3 36. Ba4 Ra8 37. Ke4 Rg8 38. f3 Rg5 39. Rbb2 Bxb2 40. Rxb2 Re5+ 41. Kxf4 Ra1 42. c5 dxc5 43. Rd2 Rf1 44. d6 Re6 45. d7 Ke7 46. d8=Q# 1-0


[Site "https://www.chess.com"]